 Dungeon Crawl Stone Soup version 0.19-a0-1203-g7dfd8ee (webtiles) character file.

37 LORDOFBUTT the Charmwright (level 3, 0/18 HPs)
             Began as a Vine Stalker Skald on Aug 21, 2016.
             Slain by a giant newt (2 damage)
             ... on level 2 of the Dungeon.
             The game lasted 00:02:00 (1171 turns).

LORDOFBUTT the Charmwright (Vine Stalker Skald)     Turns: 1171, Time: 00:02:00

Health: 0/18       AC:  3    Str: 14    XL:     3   Next: 39%
Magic:  0/7        EV: 11    Int: 13    God:
Gold:   52         SH:  0    Dex: 13    Spells: 1 memorised, 6 levels left

rFire  . . .     SeeInvis .     a - +0 hand axe
rCold  . . .     Gourm    .     b - +0 leather armour
rNeg   . . .     Faith    .     (no shield)
rPois  .         Spirit   +     (no helmet)
rElec  .         Dismiss  .     (no cloak)
rCorr  .         Reflect  .     (no gloves)
MR     +....     Harm     .     (no boots)
Stlth  +.........               (no amulet)
                                (no ring)
                                e - ring of protection from magic

@: infused
A: fangs 2, magic shield, antimagic bite, no device heal 3, rot immunity
a: no special abilities


You were on level 2 of the Dungeon.
You were not hungry.

You visited 1 branch of the dungeon, and saw 2 of its levels.

You collected 52 gold pieces.

Inventory:

Hand Weapons
 a - a +0 hand axe (weapon)
Armour
 b - a +0 leather armour (worn)
Jewellery
 e - a ring of protection from magic (left hand)
Scrolls
 h - 2 scrolls of amnesia {unknown}
 l - a scroll of enchant armour {unknown}
Potions
 f - a potion of lignification {unknown}
 g - a potion of ambrosia {unknown}
 i - a potion of cure mutation {unknown}
 j - a potion of curing {unknown}
 k - a potion of haste {unknown}
Books
 c - a book of Battle

   Spells                             Type                      Level
   a - Infusion                       Charms                       1
   b - Shroud of Golubria             Charms/Translocation         2
   c - Song of Slaying                Charms                       2
   d - Spectral Weapon                Hexes/Charms                 3
   e - Regeneration                   Charms/Necromancy            3


   Skills:
 + Level 1.9 Fighting
 + Level 1.9 Axes
 + Level 0.8 Armour
 * Level 1.2 Dodging
 + Level 0.3 Stealth
 * Level 2.5 Spellcasting
 * Level 3.6 Charms


You had 6 spell levels left.
You knew the following spells:

 Your Spells              Type           Power        Failure   Level  Hunger
a - Infusion              Chrm           ##..         10%         1    #......


Dungeon Overview and Level Annotations

Branches:
Dungeon (2/15)

Altars:


Innate Abilities, Weirdness & Mutations

You have extremely sharp teeth.
When hurt, damage is shared between your health and your magic reserves.
Your bite disrupts and absorbs the magic of your enemies.
Potions and wands cannot restore your health.
You are immune to rotting.


Message History

The giant gecko bites you. The giant newt bites you.
The quokka barely misses you. The giant gecko bites you.
* * * LOW HITPOINT WARNING * * *
The giant newt bites you but does no damage.
You are too injured to fight recklessly!
Casting: Infusion
Confirm with . or Enter, or press ? or * to list all spells.
You begin infusing your attacks with magical energy.
The quokka barely misses you.
The quokka bites you but does no damage.
You are too injured to fight recklessly!
You are too injured to fight recklessly!
You closely miss the quokka. Your bite misses the quokka. The quokka bites you.
* * * LOW HITPOINT WARNING * * *
You hit the quokka.
You kill the quokka!
You closely miss the giant newt. Your bite misses the giant newt.
The giant newt is heavily wounded.
The giant newt bites you.
You die...

####### #.#
#####.....######.#
#.................
#.#######.######.#
#.# #.# #.#
###.###.# #.# #..
#.......# #.# ###
#.#.###.# #.# #
#@# #.# #
#l#######.# #
#l...$....# ##
#w)...... ###.
#.#.##.#. ##..#
...#.[ .J ####....
+.# ##. +.......
#.# # ####...# #..
##.##


You could see a dart slug, a giant gecko and a giant newt.

Vanquished Creatures
  An adder (D:2)
  A giant gecko (D:2)
  4 bats (D:1)
  2 giant cockroaches
  5 goblins
  3 jackals (D:1)
  4 kobolds
  A quokka (D:2)
  3 rats
24 creatures vanquished.

Notes
Turn   | Place    | Note
-------+----------+-------------------------------------------
     0 | D:1      | LORDOFBUTT the Vine Stalker Skald began the quest for the Orb.
     0 | D:1      | Reached XP level 1. HP: 11/11 MP: 4/4
   266 | D:1      | Reached XP level 2. HP: 12/15 MP: 4/6
   291 | D:1      | Reached skill level 1 in Dodging
   984 | D:2      | Reached XP level 3. HP: 14/18 MP: 7/7
  1171 | D:2      | Slain by a giant newt

Vault maps used:
D:1:      eino_arrival_cavern_a
D:2:      lemuel_round_altar, minmay_small_reverse_x

Skill      XL: |  1  2 |
---------------+-------+-----
Dodging        | 1 |  1.2
Fighting       | |  1.9
Axes           | |  1.9
Armour         | |  0.8
Stealth        | |  0.3
Spellcasting   | |  2.5
Charms         | |  3.6

Action                   || total
-------------------------++-------
Melee: Hand axe          ||    70
       Bite              ||     7
 Cast: Infusion          ||     1
  Eat: Bread ration      ||     1
Armor: Leather armour    ||    27
Dodge: Dodged            ||    48
